 Dungeon Crawl Stone Soup version 0.27-a0-906-g0a00ce863d (webtiles) character file.

Game seed: 11971135084914209887

1148 kae the Ruffian (level 8, -6/64 HPs)
             Began as a Demonspawn Gladiator on Apr 6, 2021.
             Was an Initiate of Wu Jian.
             Mangled by an unseen horror (10 damage)
             ... on level 6 of the Dungeon.
             The game lasted 00:04:28 (6658 turns).

kae the Ruffian (Demonspawn Gladiator)              Turns: 6658, Time: 00:04:28

Health: -6/64      AC: 10    Str: 17    XL:     8   Next: 15%
Magic:  8/8        EV: 12    Int: 10    God:    Wu Jian [......]
Gold:   302        SH:  0    Dex: 14    Spells: 7/7 levels left

rFire    . . .     SeeInvis .     - Unarmed
rCold    . . .     Faith    .   (no shield)
rNeg     . . .     Spirit   .   a - +0 leather armour
rPois    .         Reflect  .   b - +1 helmet
rElec    .         Harm     .   l - +2 cloak
rCorr    .         Rampage  .   (no gloves)
Will     .....                  (no boots)
Stlth    +.........             (no amulet)
HPRegen  0.20/turn              (no ring)
MPRegen  0.11/turn              (no ring)

@: attractive
A: claws 1, yellow scales 1
a: Renounce Religion


You were on level 6 of the Dungeon.
You worshipped Wu Jian.
Wu Jian was noncommittal.
You visited 2 branches of the dungeon, and saw 7 of its levels.

You collected 302 gold pieces.

Inventory:

Hand Weapons
 i - a +0 vorpal short sword
Missiles
 c - 4 throwing nets (quivered)
Armour
 a - a +0 leather armour (worn)
 b - a +1 helmet (worn)
 l - a +2 cloak (worn)
Jewellery
 n - a ring of protection from cold
Wands
 e - a wand of digging (6)
 o - a wand of iceblast (2)
Scrolls
 f - a scroll of enchant weapon
Potions
 g - 2 potions of cancellation
 h - a potion of curing
 k - a potion of ambrosia
 m - 3 potions of degeneration


   Skills:
 + Level 5.7 Fighting
 - Level 1.7 Throwing
 + Level 3.4 Dodging
 * Level 7.5 Unarmed Combat


You had 7 spell levels left.
You didn't know any spells.
Your spell library contained the following spells:

 Spells                   Type           Power      Damage    Failure   Level
 Animate Skeleton         Necr           0%         N/A       43%         1
 Apportation              Tloc           0%         N/A       43%         1
 Corona                   Hex            0%         N/A       43%         1
 Magic Dart               Conj           0%         1d3       43%         1
 Summon Small Mammal      Summ           0%         N/A       43%         1
 Blink                    Tloc           N/A        N/A       56%         2
 Call Imp                 Summ           0%         N/A       56%         2
 Slow                     Hex            0%         N/A       56%         2
 Confusing Touch          Hex            0%         N/A       80%         3
 Conjure Flame            Conj/Fire      0%         6-21      80%         3
 Gell's Gravitas          Tloc           0%         N/A       80%         3
 Mephitic Cloud           Conj/Pois/Air  0%         N/A       80%         3
 Petrify                  Tmut/Erth      0%         N/A       99%         4
 Metabolic Englaciation   Hex/Ice        0%         N/A       100%        5
 Yara's Violent Unravell  Hex/Tmut       0%         3d3       100%        5


Dungeon Overview and Level Annotations

Branches:
Dungeon (6/15)             Temple (1/1) D:6

Altars:
Elyvilon
Nemelex Xobeh
Sif Muna
Trog
Uskayaw
Wu Jian
Yredelemnul
Zin

Shops:
D:1 (([   D:2 =

Annotations:
D:3 exclusion: 2 doors


Innate Abilities, Weirdness & Mutations

You have sharp fingernails.
You are partially covered in yellow scales. (AC +2)


Message History

An iguana, a water moccasin, a hornet and an ogre come into view.
The iguana hisses angrily.
The water moccasin hisses angrily.
The ogre shouts!
The hornet buzzes angrily.
Found four items.
There is an open door here.
You miss the hornet. You claw the hornet, but do no damage.
A wyvern skeleton comes into view.
Something hits you.
Deactivating autopickup; reactivate with Ctrl-A.
The hornet closely misses you.
There are monsters nearby!
There are monsters nearby!
Something hits you but does no damage. The hornet barely misses you.
Something hits you!
Okay, then.
Unknown command.
As you read the scroll labelled UNORPH EXILY, it crumbles to dust.
It is a scroll of brand weapon.
Your +0 short sword emits a brilliant flash of light!
i - a +0 vorpal short sword Something hits you! x2
It was a potion of attraction.
You feel attractive to monsters. Something hits you! x2
* * * LOW HITPOINT WARNING * * *
The iguana is pulled toward you!
Aiming: Iceblast
Press: ? - help, Shift-Dir - straight line, f - adder
Aim: an adder The mass of ice explodes!
The iceblast engulfs something!
The iceblast engulfs the adder!
You kill the adder!
The Council accepts your kill.
The iceblast engulfs the hornet!
The hornet is moderately wounded.
The iceblast engulfs you!
* * * LOW HITPOINT WARNING * * *
You hear a bark!
Something hits you!
You die...

?..###..<......###.......
.....##..............###.
......#..#...#..)...##...
.(....########.....###.##
.lZ≈... ##...........
.?§≈§.l######.....###.###
).S≈§..'y##..............
.)§§§.Z#{#..#........####
...≈...#@#..#....#..####
......##...##....##...)##
.O..).#....########..#..#
.....##..###...#####.##.#
?..###...##..............
####.....##..............
#.#.....##..........###.
#.#.....##....(.....# ##
#.########..........#


You could see a hornet and an iguana.

Vanquished Creatures
  Eustachio (D:5)
  Menkaure (D:5)
  A necrophage (D:6)
  A kobold brigand (D:6)
  A wyvern zombie (D:5)
  2 scorpions
  A water moccasin skeleton (D:6)
  A centaur zombie (D:4)
  3 hounds
  2 centaur skeletons (D:6)
  3 iguanas
  Terence (D:1)
  7 gnolls
  6 adders
  A white imp (D:6)
  An ufetubus (D:4)
  3 worms
  3 dart slugs
  3 orcs
  6 ball pythons
  2 bats
  5 endoplasms
  6 giant cockroaches
  8 goblins
  4 hobgoblins
  14 jackals
  9 quokkas
  4 frilled lizards
  9 kobolds
  5 rats
114 creatures vanquished.

Notes
Turn   | Place    | Note
-------+----------+-------------------------------------------
     0 | D:1      | kae the Demonspawn Gladiator began the quest for the Orb.
     0 | D:1      | Reached XP level 1. HP: 16/16 MP: 1/1
   350 | D:1      | Found Otuiblam's Antique Armour Shop.
   362 | D:1      | Reached skill level 3 in Unarmed Combat
   434 | D:1      | Gained mutation: You have sharp fingernails. [demonic
                  | ancestry]
   434 | D:1      | Reached XP level 2. HP: 11/19 MP: 2/2
  1098 | D:1      | Reached XP level 3. HP: 24/28 MP: 3/3
  1147 | D:1      | Found Vybuciy's Antique Weapon Boutique.
  1412 | D:1      | Found Irphikyop's Weapon Emporium.
  1774 | D:2      | Found Rakhlu Dolo's Jewellery Shop.
  1774 | D:2      | Noticed Terence
  1787 | D:1      | Killed Terence
  1919 | D:2      | Reached skill level 4 in Unarmed Combat
  1956 | D:2      | Reached XP level 4. HP: 34/34 MP: 4/4
  3328 | D:3      | Reached XP level 5. HP: 41/41 MP: 5/5
  3582 | D:3      | Noticed a black bear
  3842 | D:4      | Reached skill level 5 in Unarmed Combat
  3893 | D:4      | Gained mutation: You are partially covered in yellow
                  | scales. (AC +2) [demonic ancestry]
  3893 | D:4      | Reached XP level 6. HP: 20/48 MP: 6/6
  4202 | D:4      | Found a shimmering blue altar of Sif Muna.
  4518 | D:5      | Entered Level 5 of the Dungeon
  4697 | D:5      | Noticed Eustachio
  4724 | D:5      | Killed Eustachio
  4725 | D:5      | Reached skill level 6 in Unarmed Combat
  5008 | D:5      | Reached XP level 7. HP: 49/55 MP: 7/7
  5321 | D:5      | Noticed Menkaure
  5329 | D:5      | Killed Menkaure
  5330 | D:5      | Reached skill level 5 in Fighting
  5869 | D:6      | Reached skill level 7 in Unarmed Combat
  5895 | D:6      | Found a glowing drain.
  5917 | D:6      | Found a staircase to the Ecumenical Temple.
  5938 | Temple   | Entered the Ecumenical Temple
  6164 | Temple   | Became a worshipper of the Wu Jian Council
  6424 | D:6      | Reached XP level 8. HP: 60/63 MP: 8/8
  6652 | D:6      | Noticed a hornet
  6658 | D:6      | Mangled by an unseen horror

Illustrated notes

Levels and vault maps discovered:
D:1:      psy_arrival_radial01, layout_basic, serial_shops, shop, shop,
          shop_fountains, minmay_pentomino_v4
D:2:      layout_basic, serial_shops, nicolae_shop_waterfront, uniq_terence
D:3:      layout_basic, minmay_misc_feat_pillars, fountainhead
D:4:      layout_rooms, overflow_temple_1_default
D:5:      layout_basic, uniq_menkaure, uniq_eustachio
D:6:      layout_rooms, minmay_temple_entry_butterflies,
          cheibrodos_sewer_entry_drain, grunt_potential
Temple:   compressed_dpeg_circular_temple

Skill      XL: |  1  2  3  4  5  6  7 |
---------------+----------------------+-----
Unarmed Combat | 3 4 5 6 7 |  7.5
Fighting       | 3 4 5 |  5.7
Dodging        | 3 |  3.4
Throwing       | |  1.7

Action                   |  1- 3 |  4- 6 |  7- 9 || total
-------------------------+-------+-------+-------++-------
Melee: Unarmed           |   133 |   214 |    98 ||   445
       Punch             |     2 |     3 |     7 ||    12
Invok: Lunge             |       |       |     1 ||     1
Evoke: Wand              |       |       |     1 ||     1
  Use: Scroll            |       |     8 |     5 ||    13
       Potion            |       |       |     3 ||     3
 Stab: Sleeping          |       |     1 |     2 ||     3
Armor: Leather armour    |    20 |    96 |    46 ||   162
Dodge: Dodged            |    82 |   197 |    63 ||   342

Table legend: (Time is in decaauts)
 A = Elapsed time spent in this place.
 B = Non-inter-level travel time spent in this place.
 C = Inter-level travel time spent in this place.
 D = Time resting spent in this place.
 E = Time spent auto-exploring this place.
 F = Levels seen in this place.
 G = Mean time per level.
                   A        B        C        D        E       F      G
               +--------+--------+--------+--------+--------+-----+--------+
         Total |   6629 |   6452 |    177 |   1138 |   4447 |   7 |  947.0 |
       Dungeon |   6390 |   6213 |    177 |    928 |   4447 |   6 | 1065.0 |
        Temple |    238 |    238 |      0 |    210 |      0 |   1 |  238.0 |
               +--------+--------+--------+--------+--------+-----+--------+

Top non-repeatable levels by time:
     D:1: 1897 daAuts
     D:5: 1253 daAuts
     D:2: 1145 daAuts
     D:3: 779 daAuts
     D:4: 677 daAuts
     D:6: 637 daAuts
  Temple: 238 daAuts
